 Dungeon Crawl Stone Soup version 0.29.1-1-gd02db6906a (webtiles) character file.

Game seed: 10508547795145181000

7217 LabCoat the Fighter (level 11, -4/101 HPs)
             Began as a Hill Orc Fighter on Oct 5, 2022.
             Was a Believer of Trog.
             Slain by a two-headed ogre
             ... wielding a +0 giant club
              (25 damage)
             ... on level 9 of the Dungeon on Oct 6, 2022.
             The game lasted 00:28:17 (11262 turns).

LabCoat the Fighter (Hill Orc Fighter)             Turns: 11262, Time: 00:28:17

Health: -4/101     AC: 17    Str: 24    XL:     11   Next: 11%
Magic:  11/11      EV:  8    Int:  8    God:    Trog [**....]
Gold:   564        SH:  5    Dex: 10    Spells: 10/10 levels left

rFire   . . .      SeeInvis .   a - +0 war axe (flame)
rCold   . . .      Faith    .   c - +0 buckler
rNeg    . . .      Spirit   .   g - +0 plate armour
rPois   .          Reflect  .   A - +0 helmet
rElec   .          Harm     .   j - +0 cloak
rCorr   .          Rampage  .   (no gloves)
Will    +....                   r - +0 pair of boots
Stlth   ..........              (no amulet)
HPRegen 0.26/turn               u - ring of willpower
MPRegen 0.12/turn               (no ring)

@: on berserk cooldown, slowed, invisible, very slow
A: no striking features
a: Renounce Religion, Berserk, Trog's Hand


You were on level 9 of the Dungeon.
You worshipped Trog.
Trog was pleased with you.
You visited 2 branches of the dungeon, and saw 10 of its levels.
You also visited: Ossuary and Bailey.

You collected 564 gold pieces.

Inventory:

Hand Weapons
 a - a +0 war axe of flaming (weapon)
 w - a +0 flail of protection
 C - a +0 battleaxe
 D - a +0 broad axe of flaming
Missiles
 x - 7 poisoned darts
 y - 4 boomerangs (quivered)
 E - 2 throwing nets
Armour
 c - a +0 buckler (worn)
 g - a +0 plate armour (worn)
 j - a +0 cloak (worn)
 r - a +0 pair of boots (worn)
 A - a +0 helmet (worn)
Jewellery
 u - a ring of willpower (left hand)
Wands
 d - a wand of iceblast (3)
 n - a wand of mindburst (4)
 v - a wand of light (9)
 B - a wand of flame (8)
Scrolls
 b - a scroll of poison
 e - 5 scrolls of fog
 f - 3 scrolls of fear
 o - 4 scrolls of teleportation
 p - a scroll of blinking {unknown}
 q - a scroll of summoning
 s - a scroll of magic mapping
 t - a scroll of enchant weapon {unknown}
Potions
 h - 2 potions of flight
 i - 2 potions of lignification
 k - a potion of curing
 l - a potion of ambrosia
 m - 5 potions of invisibility
 z - a potion of haste {unknown}
 F - a potion of experience {unknown}
 G - 2 potions of heal wounds
 H - 4 potions of might


   Skills:
 * Level 10.5 Fighting
 + Level 8.2 Axes
 + Level 3.4 Throwing
 + Level 8.3 Armour
 * Level 5.9 Dodging
 + Level 7.1 Shields
 + Level 5.2 Evocations


You had 10 spell levels left.
You didn't know any spells.
Your spell library contained the following spells:

 Spells                   Type           Power      Damage    Failure   Level
 Slow                     Hex            0%         N/A       100%        1
 Confusing Touch          Hex            0%         N/A       100%        3
 Vampiric Draining        Necr           0%         2d6       100%        3
 Corpse Rot               Necr/Pois/Air  0%         N/A       100%        4
 Dispel Undead            Necr           0%         3d6       100%        4
 Fulminant Prism          Conj/Hex       0%         3d6       100%        4
 Iskenderun's Mystic Bla  Conj/Tloc      0%         2d3       100%        4
 Olgreb's Toxic Radiance  Pois           0%         N/A       100%        4
 Lee's Rapid Deconstruct  Erth           0%         3d5*      100%        5
 Death Channel            Necr           0%         N/A       100%        6
 Ozocubu's Refrigeration  Ice            0%         4d7       100%        7
 Ignition                 Fire           0%         3d3       100%        8


Dungeon Overview and Level Annotations

Branches:
Dungeon (9/15)             Temple (1/1) D:4            Lair (0/5) D:9
Ossuary (visited)          Bailey (visited)
    Orc: D:9-12

Altars:
Ashenzari
Cheibriados
Elyvilon
Fedhas
Gozag
Hepliaklqana
Kikubaaqudgha
Makhleb
Nemelex Xobeh
Okawaru
Qazlal
Ru
Sif Muna
Trog
Uskayaw
Vehumet
Wu Jian
Xom
Yredelemnul
Zin
The Shining One

Shops:
D:8 !


Message History

The water moccasin closely misses you.
You slash the water moccasin! You burn the water moccasin.
You kill the water moccasin!
Trog accepts your kill. The wyvern barely misses you.
You slash the wyvern! You burn the wyvern.
You kill the wyvern!
Trog accepts your kill.
A two-headed ogre comes into view. It is wielding two +0 giant clubs.
The orc priest hits you but does no damage.
The wight hits you with a +2 scimitar of freezing.
The wight freezes you.
Items here: $ ))))) / ?? [[[ †††.
You barely miss the orc priest. You slash the wight! You burn the wight.
You feel the effects of Trog's Hand fading.
You slice the orc priest!! You burn the orc priest!
You kill the orc priest!
Trog accepts your kill.
You slash the wight! You burn the wight.
You destroy the wight!
Trog accepts your kill.
Items here: ! $ ) †.
You feel a strong urge to attack something.
You are no longer berserk.
You are exhausted.
You feel yourself slow down.
The two-headed ogre hits you with a +0 giant club!
The two-headed ogre hits you with a +0 giant club.
Aiming: Bolt of Light
Press: ? - help, Shift-Dir - straight line, f - two-headed ogre
Aim: a two-headed ogre, wielding two +0 giant clubs (88% to hit)
The bolt of light misses the two-headed ogre.
You block the two-headed ogre's attack.
The two-headed ogre hits you with a +0 giant club!!
You fade into invisibility!
Your skin stops crawling.
You feel less strong-willed.
The two-headed ogre hits you with a +0 giant club!!
* * * LOW HITPOINT WARNING * * *
The two-headed ogre hits you with a +0 giant club!!
You die...

,,**,,**,,,,,**,,,*,,,,,,,##'##..
,,**,,*,,,,,,*#...',,,,,,,#..##..
,,**,,,,,,,***#...#,,,,,,,#...#..
,,**,,***##** #...#*,,,,,*#...'..
,,**,,***...**#...#**,,,**#######
~,******,....*#...# *######......
,~,* *,,.....#...####...........
~~,* *,,.....'...##......#......
~~,* *,,,,,,,#O@.##.....##......
~~,* **,,,,,*#..)#......##......
~~,******,,,**#..))....####......
~~**,,********#############......
~~,,,,,,,,,,,,*,,**,#..'.........
~,,,,,,,,,,,,,+,,**,####.........
,,,,,,,,,,,,,,*,,,,,#..#.........
,,*,,,**,,**,,*,,,,,#..#.........
,,*+****,,**,,*,,*,,#..#.........


You could see a two-headed ogre (unable to see you).

Vanquished Creatures
  A two-headed ogre (D:9)
  A centaur warrior (D:8)
  A gargoyle (D:9)
  Maggie (D:7)
  A troll (D:6)
  3 wyverns
  A wraith (Ossuary)
  6 yaks (D:9)
  A steam dragon (D:8)
  Edmund (D:5)
  An acid dragon (D:9)
  A water moccasin (D:9)
  3 orc warriors
  2 ice beasts (D:7)
  2 black bears (D:7)
  4 ogres
  3 centaurs
  A kobold brigand (D:9)
  4 bullfrogs
  A phantom (D:6)
  A gnoll sergeant (D:9)
  3 necrophages
  2 scorpions (D:6)
  A wight (D:9)
  5 howler monkeys
  A jelly (D:7)
  2 hounds (D:5)
  7 orc priests
  4 iguanas
  10 orc wizards
  A mummy (Ossuary)
  14 gnolls
  6 adders
  A shadow imp (D:7)
  2 ufetubi
  3 dart slugs
  42 orcs
  6 endoplasms
  2 giant cockroaches (D:2)
  8 hobgoblins
  7 jackals (D:4)
  2 quokkas
  5 ball pythons
  6 bats
  6 frilled lizards
  6 gnoll skeletons (Ossuary)
  9 goblins
  12 kobolds
  4 kobold skeletons (Ossuary)
  15 orc skeletons (Ossuary)
  15 rats
  A spectral kobold (D:1)
248 creatures vanquished.

Vanquished Creatures (others)
  An orc warrior (D:8)
  An ogre (D:7)
  A jelly (D:7)
3 creatures vanquished.

Grand Total: 251 creatures vanquished

Notes
Turn   | Place    | Note
-------+----------+-------------------------------------------
     0 | D:1      | LabCoat the Hill Orc Fighter began the quest for the Orb.
     0 | D:1      | Reached XP level 1. HP: 19/19 MP: 1/1
   117 | D:1      | Reached XP level 2. HP: 24/27 MP: 2/2
   448 | D:1      | Found a faded altar of an unknown god.
   473 | D:1      | Reached skill level 4 in Fighting
  1020 | D:1      | Reached XP level 3. HP: 32/32 MP: 3/3
  1908 | D:3      | Reached XP level 4. HP: 40/40 MP: 4/4
  2167 | D:3      | Reached skill level 1 in Dodging
  2421 | D:3      | Found a faded altar of an unknown god.
  2435 | D:3      | Found a hazy altar of Hepliaklqana.
  2510 | D:4      | Reached XP level 5. HP: 46/47 MP: 5/5
  2708 | D:4      | Found a sand-covered staircase.
  2717 | Ossuary  | Entered an ossuary
  2717 | Ossuary  | Noticed a wraith
  2717 | Ossuary  | Noticed a wraith
  2717 | Ossuary  | Noticed a wraith
  2775 | Ossuary  | Noticed a wraith
  2794 | Ossuary  | Killed a wraith
  2795 | Ossuary  | Reached skill level 5 in Fighting
  2795 | Ossuary  | Reached skill level 1 in Evocations
  2795 | Ossuary  | Reached XP level 6. HP: 53/56 MP: 6/6
  2955 | D:4      | Found a staircase to the Ecumenical Temple.
  2964 | Temple   | Entered the Ecumenical Temple
  3007 | Temple   | Became a worshipper of Trog the Wrathful
  3226 | D:4      | Identified the +8 short sword "Lairieg" {vorpal, rCorr
                  | Int+4 Dex+6}
  3258 | D:4      | Reached skill level 5 in Armour
  3258 | D:4      | Reached XP level 7. HP: 61/62 MP: 7/7
  3481 | D:4      | Identified the +5 rapier "Qintiuh" {vamp, rN+}
  3777 | D:5      | Entered Level 5 of the Dungeon
  3837 | D:5      | Reached skill level 6 in Fighting
  3875 | D:5      | Reached skill level 5 in Axes
  4526 | D:5      | Reached XP level 8. HP: 71/71 MP: 8/8
  4569 | D:5      | Noticed Edmund
  4579 | D:5      | Killed Edmund
  5064 | D:6      | Reached skill level 5 in Shields
  5340 | D:6      | Reached skill level 7 in Fighting
  5404 | D:6      | Noticed a troll
  5414 | D:6      | Killed a troll
  5414 | D:6      | Reached * piety under Trog
  5709 | D:6      | Reached XP level 9. HP: 78/80 MP: 9/9
  6438 | D:7      | Reached skill level 8 in Fighting
  6481 | D:7      | Noticed Maggie
  6497 | D:7      | Killed Maggie
  6498 | D:7      | Reached skill level 1 in Throwing
  8104 | D:8      | Reached skill level 9 in Fighting
  8151 | D:8      | Reached XP level 10. HP: 91/91 MP: 10/10
  8167 | D:8      | Noticed a centaur warrior
  8178 | D:8      | Killed a centaur warrior
  8628 | D:8      | Found Eloing's Distillery.
  8887 | D:8      | Reached skill level 5 in Dodging
  9547 | D:9      | Found a flagged portal.
  9559 | Bailey   | Entered a bailey
  9794 | Bailey   | Reached ** piety under Trog
 10572 | D:9      | Reached skill level 10 in Fighting
 10880 | D:9      | Noticed a gargoyle
 10891 | D:9      | Killed a gargoyle
 10988 | D:9      | Reached skill level 5 in Evocations
 11163 | D:9      | Found a snail-covered altar of Cheibriados.
 11237 | D:9      | Noticed a two-headed ogre
 11251 | D:9      | Killed a two-headed ogre
 11252 | D:9      | Reached XP level 11. HP: 101/101 MP: 11/11
 11255 | D:9      | Noticed a two-headed ogre
 11262 | D:9      | Slain by a two-headed ogre

Illustrated notes

Levels and vault maps discovered:
D:1:      heliophobic_arrival_battle_scene, layout_loops_ring,
          dreamdust_ecumenical_altar_drowned_temple, minmay_rat_gold_closets
D:2:      layout_loops_ring, amcnicky_mini_corridor_feature
D:3:      layout_basic, beargit_hepliaklqana_dungeon_heroes
D:4:      layout_cave_pools, minmay_temple_entry_gardened_gates,
          nicolae_ossuary_entry_ruins, minmay_pentangle
D:5:      layout_loops_corners, grunt_ministairs_5, uniq_edmund
D:6:      layout_basic, minmay_stone_trees_large,
          nicolae_concentric_dashed_squares_mild, minmay_chambers_of_fives
D:7:      layout_basic, kennysheep_nondescript, uniq_maggie
D:8:      layout_gridville, serial_shops, nicolae_shop_statue_plus
D:9:      minmay_opposing_rooms, layout_stronghold,
          mainiacjoe_overflow_six_doors_small, erik_lair_island, enter_bailey_3
Temple:   compressed_dpeg_triangle_lava_temple

Skill      XL: |  1  2  3  4  5  6  7  8  9 10 |
---------------+-------------------------------+-----
Axes           | 3 4 5 6 7 8 |  8.2
Fighting       | 4 5 6 7 9 10 | 10.5
Dodging        | 1 2 3 4 5 |  5.9
Armour         | 4 5 6 7 8 |  8.3
Shields        | 4 5 6 7 |  7.1
Evocations     | 1 2 3 4 5 |  5.2
Throwing       | 1 3 |  3.4

Action                   |  1- 3 |  4- 6 |  7- 9 | 10-12 || total
-------------------------+-------+-------+-------+-------++-------
Melee: War axe           |   125 |   122 |   200 |   182 ||   629
Throw: Boomerang         |       |       |    25 |     5 ||    30
       Dart              |       |       |     2 |       ||     2
Invok: Berserk           |       |       |     1 |     4 ||     5
       Trog's Hand       |       |       |       |     2 ||     2
Evoke: Wand              |       |       |    13 |     8 ||    21
  Use: Scroll            |     7 |     5 |     7 |     2 ||    21
       Potion            |       |       |     2 |     6 ||     8
 Stab: Invisible         |       |       |     1 |       ||     1
Armor: Scale mail        |    62 |    34 |       |       ||    96
       Chain mail        |       |    34 |   142 |    32 ||   208
       Plate armour      |       |       |       |    86 ||    86
Dodge: Dodged            |    50 |    49 |    85 |   108 ||   292
Block: Buckler           |    27 |    25 |    42 |    49 ||   143
